 Dungeon Crawl Stone Soup version 0.29.1-2-gbd0b4ee654 (webtiles) character file.

Game seed: 11923797361645963355

449 BaabKaare the Ruffian (level 6, -1/47 HPs)
             Began as a Draconian Transmuter on Nov 7, 2022.
             Was an Initiate of Gozag.
             Slain by a gnoll
             ... wielding a +0 club
              (7 damage)
             ... on level 4 of the Dungeon on Nov 8, 2022.
             The game lasted 00:24:25 (4527 turns).

BaabKaare the Ruffian (Draconian Transmuter)        Turns: 4527, Time: 00:24:27

Health: -1/47      AC:  6    Str: 14    XL:     6   Next: 74%
Magic:  10/11      EV: 12    Int: 13    God:    Gozag
Gold:   1512       SH:  0    Dex: 12    Spells: 8/12 levels left

rFire   . . .      SeeInvis .     - Unarmed
rCold   . . .      Faith    +   (no shield)
rNeg    . . .      Spirit   .   (body armour unavailable)
rPois   .          Reflect  .   (helmet currently unavailable)
rElec   .          Harm     .   (no cloak)
rCorr   .          Rampage  .   (no gloves)
Will    .....                   (boots currently unavailable)
Stlth   ++........              j - amulet of faith
HPRegen 0.15/turn               l - ring of wizardry
MPRegen 0.12/turn               (no ring)

@: appendages, flying
A: horns 2, talons 2, AC +6, unfitting armour, cold-blooded
a: End Transformation, Renounce Religion, Potion Petition, Call Merchant, Bribe
Branch


You were on level 4 of the Dungeon.
You worshipped Gozag.
Gozag was most pleased with you.
You had temporarily grown beastly horns and talons.
You visited 2 branches of the dungeon, and saw 6 of its levels.

You collected 1592 gold pieces.
You donated 19 gold pieces to Zin.
You paid 61 gold pieces to Gozag.

Inventory:

Hand Weapons
 r - a +5 sling of flaming
 s - a +0 great sword of flaming
Missiles
 f - 66 stones
Armour
 c - a +2 hat of intelligence (melded)
 u - +1 fire dragon scales
Jewellery
 j - an amulet of faith (around neck)
 l - a ring of wizardry (left hand)
Scrolls
 d - 4 scrolls of amnesia
 h - 3 scrolls of identify
 k - a scroll of noise
 m - a scroll of brand weapon
Potions
 a - a potion of lignification
 b - a potion of flight
 e - 3 potions of curing
 g - 2 potions of degeneration
 q - 2 potions of resistance


   Skills:
 + Level 1.5 Fighting
 + Level 2.9 Dodging
 + Level 1.3 Stealth
 + Level 5.1 Unarmed Combat
 + Level 3.5 Spellcasting
 + Level 3.5 Transmutations
 * Level 1.0 Poison Magic


You had 8 spell levels left.
You knew the following spells:

 Your Spells              Type           Power      Damage    Failure   Level
a - Beastly Appendage     Tmut           22%        N/A       2%          1
b - Spider Form           Tmut/Pois      8%         N/A       11%         3

Your spell library contained the following spells:

 Spells                   Type           Power      Damage    Failure   Level
 Wereblood                Tmut           11%        N/A       3%          2
 Ice Form                 Ice/Tmut       6%         N/A       38%         4
 Anguish                  Hex/Necr       1%         N/A       61%         4
 Enfeeble                 Hex            1%         N/A       100%        7


Dungeon Overview and Level Annotations

Branches:
Dungeon (5/15)             Temple (1/1) D:4

Altars:
Gozag
Nemelex Xobeh
Trog
Zin

Shops:
D:2 *   D:3 =


Innate Abilities, Weirdness & Mutations

You have temporarily grown beastly horns and talons.
Your plain brown scales are hard. (AC +6)
You cannot fit into any form of body armour.
You are cold-blooded and may be slowed by cold attacks.


Message History

The gnoll is heavily wounded.
The gnoll hits you from afar with a +0 spear.
The gnoll closely misses you. The gnoll attacks as you move away!
The gnoll hits you with a +0 club. The gnoll barely misses you.
The gnoll hits you with a +0 halberd! The gnoll hits you but does no damage.
The gnoll attacks as you move away! The gnoll barely misses you.
The gnoll hits you from afar with a +0 halberd!
* * * LOW HITPOINT WARNING * * *
The gnoll barely misses you.
You hit the gnoll. You headbutt the gnoll!
You kill the gnoll!
The gnoll hits you from afar with a +0 halberd.
* * * LOW HITPOINT WARNING * * *
Your Poison Magic skill increases to level 1!
The gnoll attacks as you move away! The gnoll barely misses you.
The gnoll attacks as you move away! The gnoll barely misses you.
The gnoll attacks as you move away! The gnoll hits you with a +0 club.
* * * LOW HITPOINT WARNING * * *
Your transformation is almost over.
It was a potion of flight.
You feel very buoyant.
You fly up into the air.
The gnoll barely misses you.
The gnoll is distracted by your dazzling golden aura.
The gnoll attacks as you move away! The gnoll barely misses you.
Your horns disappear.
Your talons disappear.
Your +2 hat of intelligence unmelds from your body.
You feel clever.
There is a stone staircase leading up, spattered with blood here.
The gnoll hits you but does no damage.
You fly upwards.
There is a stone staircase leading down here.
Casting: Beastly Appendage (safe; 1% risk of failure)
Confirm with . or Enter, or press ? or * to list all spells.
You grow a pair of large bovine horns.
Your feet morph into talons.
Your +2 hat of intelligence melds into your body.
You feel stupid. The gnoll hits you with a +0 club!
You die...
Your body crumbles into a pile of gold.

....................##.##
...................##...###
.............##..#####....# #
.............#######.....## #
...##..........## #..#...#### ###
..###.......)...# #..##...#.###..
..##.......)....###.........#.###
...#........>.........###.#......
...............g@..#### ####.....
##....##......###...#### ##......
##...####....###...#...###...>...
##...####.....#....#...........#.
#....[#..####.......#........##.
##........#####......#..#.....#..
####.....##..##....###...........
# ####............# #.....#.#..#
## #.......##[...# ##.##.###.##


You could see a gnoll.

Vanquished Creatures
  An ice beast (D:5)
  A phantom (D:3)
  A bullfrog (D:4)
  A jelly (D:4)
  Jessica (D:3)
  An orc wizard (D:4)
  2 gnolls
  5 adders
  3 dart slugs
  An orc (D:4)
  6 ball pythons
  5 endoplasms
  2 giant cockroaches
  5 goblins
  9 hobgoblins
  2 jackals (D:3)
  7 kobolds
  4 quokkas
  3 bats
  2 frilled lizards
  5 rats
67 creatures vanquished.

Notes
Turn   | Place    | Note
-------+----------+-------------------------------------------
     0 | D:1      | BaabKaare the Draconian Transmuter began the quest for the
                  | Orb.
     0 | D:1      | Reached XP level 1. HP: 16/16 MP: 3/3
   132 | D:1      | Reached XP level 2. HP: 22/23 MP: 3/5
  1247 | D:2      | Reached XP level 3. HP: 26/28 MP: 4/6
  1347 | D:2      | Found Vyrcheff's General Store.
  1786 | D:3      | Found Istu's Jewellery Shop.
  1803 | D:3      | Found a faded altar of an unknown god.
  1806 | D:3      | Noticed Jessica
  1821 | D:3      | Killed Jessica
  1822 | D:3      | Reached skill level 4 in Unarmed Combat
  1923 | D:3      | Prayed at the altar of an unknown god.
  1923 | D:3      | Became a worshipper of Zin the Law-Giver
  1923 | D:3      | Reached * piety under Zin
  1923 | D:3      | Reached ** piety under Zin
  1927 | D:3      | Reached XP level 4. HP: 35/35 MP: 7/7
  1942 | D:3      | Was placed under penance by Zin
  2485 | D:4      | Noticed a phantom
  2505 | D:3      | Killed a phantom
  2506 | D:3      | Reached XP level 5. HP: 29/40 MP: 7/9
  2593 | D:4      | Found a staircase to the Ecumenical Temple.
  2602 | Temple   | Entered the Ecumenical Temple
  2631 | D:4      | Fell from the grace of Zin
  2729 | Temple   | Became a worshipper of Gozag Ym Sagoz the Greedy
  2782 | D:5      | Entered Level 5 of the Dungeon
  3133 | D:4      | Found a large runed translucent door.
  3133 | D:4      | Found a large runed translucent door.
  3222 | D:4      | Reached XP level 6. HP: 35/47 MP: 10/10
  3229 | D:4      | Found a large runed translucent door.
  3229 | D:4      | Found a large runed translucent door.
  3364 | D:4      | Identified the +6 scale mail of Failure {rF++ rC- Str+4
                  | SInv}
  3461 | D:4      | Reached skill level 1 in Stealth
  3715 | D:4      | Identified a scroll of acquirement
  3715 | D:4      | Acquired 1270 gold pieces
  3722 | D:4      | Learned a level 3 spell: Spider Form
  4332 | D:5      | Noticed an ice beast
  4350 | D:5      | Killed an ice beast
  4351 | D:5      | Reached skill level 5 in Unarmed Combat
  4482 | D:5      | Identified the +6 dagger of Dissent {pain, rPois rC- SInv}
  4505 | D:5      | Reached skill level 1 in Poison Magic
  4527 | D:4      | Slain by a gnoll

Illustrated notes

Levels and vault maps discovered:
D:1:      scummos_arrival_forest, layout_basic, minmay_tromino_v4_b
D:2:      layout_rooms, serial_shops, nicolae_shop_advertising_works
          [nicolae_subvault_shop_adworks]
D:3:      layout_loops_cross, hellmonk_ecumenical_altar_lost_god, serial_shops,
          nicolae_shop_behind_doors, uniq_jessica
D:4:      layout_cave_pools, minmay_temple_entry_mist,
          chequers_serial_rivers_micro_b, minmay_misc_feat_room,
          minmay_hollow_rounded_squares
D:5:      layout_basic, kennysheep_slug_shrine, serial_shops, shop_fountains,
          grunt_ministairs_3, kennysheep_generic_room_16, uniq_edmund
Temple:   nicolae_temple_bog_church

Skill      XL: |  1  2  3  4  5  6 |
---------------+-------------------+-----
Dodging        | 2 |  2.9
Unarmed Combat | 4 5 |  5.1
Transmutations | 3 |  3.5
Spellcasting   | 3 |  3.5
Stealth        | 1 |  1.3
Poison Magic   | 1 |  1.0
Fighting       | |  1.5

Action                   |  1- 3 |  4- 6 || total
-------------------------+-------+-------++-------
Melee: Unarmed           |    84 |   126 ||   210
       Kick              |    15 |    21 ||    36
       Headbutt          |     7 |    15 ||    22
       Tailslap          |    11 |    11 ||    22
       Punch             |     3 |     2 ||     5
 Cast: Beastly Appendage |    20 |    24 ||    44
  Use: Potion            |       |     6 ||     6
       Scroll            |       |    11 ||    11
 Stab: Sleeping          |       |     3 ||     3
Armor: Skin              |    30 |    47 ||    77
Dodge: Dodged            |    57 |   106 ||   163
